 Dungeon Crawl Stone Soup version 0.29-a0-559-g359e09b9d1 (webtiles) character file.

Game seed: 12584839657335957785

38 vulpzor the Stinger (level 3, -2/18 HPs)
             Began as an Octopode Venom Mage on June 10, 2022.
             Was a Follower of Hepliaklqana.
             Slain by a frilled lizard (3 damage)
             ... on level 2 of the Dungeon.
             The game lasted 00:04:24 (1299 turns).

vulpzor the Stinger (Octopode Venom Mage)           Turns: 1299, Time: 00:04:25

Health: -2/18      AC:  1    Str:  7    XL:     3   Next: 43%
Magic:  1/6        EV: 13    Int: 19    God:    Hepliaklqana [*.....]
Gold:   51         SH:  0    Dex: 12    Spells: 3/6 levels left

rFire   . . .      SeeInvis .   (no weapon)
rCold   . . .      Faith    .   (no shield)
rNeg    . . .      Spirit   .   (helmet restricted)
rPois   .          Reflect  .   (no amulet)
rElec   .          Harm     .   (no ring)
rCorr   .          Rampage  .   (no ring)
Will    .....                   (no ring)
Stlth   +++.......              (no ring)
HPRegen 0.06/turn               (no ring)
MPRegen 0.10/turn               (no ring)
                                (no ring)
                                (no ring)

@: lethally poisoned (-2 -> -5)
A: reduced essence, almost no armour, amphibious, 8 rings, camouflage 1,
gelatinous body 1, (nimble swimmer 1), tentacles
a: Renounce Religion, Recall Ancestor, Ancestor Identity


You were on level 2 of the Dungeon.
You worshipped Hepliaklqana.
Hepliaklqana was aware of your devotion.
You visited 1 branch of the dungeon, and saw 2 of its levels.

You collected 51 gold pieces.

Inventory:

Scrolls
 b - 3 scrolls of identify {unknown}
 c - a scroll of immolation
Potions
 a - a potion of magic


   Skills:
 + Level 2.1 Dodging
 + Level 3.1 Stealth
 + Level 2.3 Spellcasting
 + Level 1.5 Transmutations
 + Level 4.5 Poison Magic


You had 3 spell levels left.
You knew the following spells:

 Your Spells              Type           Power      Damage    Failure   Level
a - Sting                 Tmut/Pois      52%        1d5       4%          1
b - Poisonous Vapours     Pois/Air       20%        N/A       10%         2

Your spell library contained the following spells:

 Spells                   Type           Power      Damage    Failure   Level
 Mephitic Cloud           Conj/Pois/Air  7%         N/A       26%         3
 Olgreb's Toxic Radiance  Pois           19%        N/A       26%         4
 Borgnjor's Revivificati  Necr           1%         N/A       100%        8
 Necromutation            Tmut/Necr      2%         N/A       100%        8
 Death's Door             Necr           1%         N/A       100%        9


Dungeon Overview and Level Annotations

Branches:
Dungeon (2/15)

Altars:
Hepliaklqana

Shops:
D:1 (


Innate Abilities, Weirdness & Mutations

Your life essence is reduced to manifest your ancestor. (-10% HP)
You cannot wear most types of armour.
You are amphibious.
You can wear up to eight rings at the same time.
Your skin changes colour to match your surroundings (Stealth+).
Your rubbery body absorbs attacks. (AC +1, EV +1)
((You are camouflaged when in or above water. (Stealth+)))
You have tentacles for arms and can constrict up to eight enemies at once.


Message History

The kobold is heavily wounded.
You are too depleted to draw on your mana recklessly!
The kobold misses you.
Found 13 stones.
You kill the kobold!
You see here a +0 plate armour.
You closely miss the frilled lizard. Your grab misses the frilled lizard.
You squeeze the frilled lizard.
You kill the frilled lizard!
The goblin hits you with a +0 dagger of venom.
You are poisoned.
You see here a +0 plate armour.
You tentacle-slap the goblin. Your grab misses the goblin.
The goblin is moderately wounded.
You feel very sick. The goblin closely misses you.
The frilled lizard closely misses you.
You closely miss the goblin. Your grab misses the goblin.
The goblin is moderately wounded.
You feel sick. The goblin closely misses you.
The frilled lizard closely misses you.
You barely miss the goblin. Your grab misses the goblin.
You squeeze the goblin.
You kill the goblin!
You feel sick. The frilled lizard bites you.
* * * LOW HITPOINT WARNING * * *
* * * LOW HITPOINT WARNING * * *
You feel sick. The frilled lizard barely misses you.
Things that are here:
a +0 dagger of venom; a goblin corpse
Okay, then.
Remember Ealdgyð's name as what?
Ealdgyð
Okay, then.
Was Ealdgyð a) male, b) female, or c) neither? (Currently female.)
Okay, then.
* * * LOW HITPOINT WARNING * * *
You feel sick. The frilled lizard bites you.
* * * LOW HITPOINT WARNING * * *
* * * LOW HITPOINT WARNING * * *
You feel sick. The frilled lizard bites you.
You die...

.. . #.# . ..
#.# .#
....####.###..#
...............#
......##...#
....(..[..###
.##...##)l...#
..... ##.@##....
..#...#).## ##.
.......)##
.....†.........
≈≈≈......######
≈≈≈≈......
≈≈≈≈.#....#
≈≈≈≈...#...
≈≈≈.... #...


You could see a frilled lizard.

Vanquished Creatures
  A gnoll (D:1)
  2 ball pythons (D:1)
  3 endoplasms (D:1)
  A giant cockroach (D:1)
  5 goblins
  4 kobolds
  2 quokkas (D:1)
  A bat (D:1)
  4 frilled lizards
  2 rats (D:1)
25 creatures vanquished.

Vanquished Creatures (collateral kills)
  A frilled lizard (D:2)
1 creature vanquished.

Vanquished Creatures (others)
  An ancestor (D:2)
1 creature vanquished.

Grand Total: 27 creatures vanquished

Notes
Turn   | Place    | Note
-------+----------+-------------------------------------------
     0 | D:1      | vulpzor the Octopode Venom Mage began the quest for the
                  | Orb.
     0 | D:1      | Reached XP level 1. HP: 11/11 MP: 3/3
    15 | D:1      | Found Boelinav's Weapon Shoppe.
    39 | D:1      | Reached skill level 4 in Poison Magic
    39 | D:1      | Reached XP level 2. HP: 3/17 MP: 1/5
   424 | D:1      | Learned a level 2 spell: Poisonous Vapours
   867 | D:1      | Reached XP level 3. HP: 18/21 MP: 3/6
  1087 | D:1      | Found a faded altar of an unknown god.
  1108 | D:1      | Prayed at the altar of an unknown god.
  1108 | D:1      | Became a worshipper of Hepliaklqana the Forgotten
  1108 | D:1      | Reached * piety under Hepliaklqana
  1299 | D:2      | Slain by a frilled lizard

Illustrated notes

Levels and vault maps discovered:
D:1:      dpeg_arrival_windows_large_door, layout_rooms, serial_shops,
          shop_fountains, hellmonk_ecumenical_altar_blasted
D:2:      layout_rooms, minmay_lizard_pond

Skill      XL: |  1  2 |
---------------+-------+-----
Poison Magic   | 4 |  4.5
Stealth        | 3 |  3.1
Dodging        | |  2.1
Spellcasting   | |  2.3
Transmutations | |  1.5

Action                   || total
-------------------------++-------
Melee: Unarmed           ||    11
       Tentacles         ||     5
       Constrict         ||     1
 Cast: Sting             ||    33
Invok: Ancestor Identity ||     1
Armor: Skin              ||     1
Dodge: Dodged            ||    21

Table legend: (Time is in decaauts)
 A = Elapsed time spent in this place.
 B = Non-inter-level travel time spent in this place.
 C = Inter-level travel time spent in this place.
 D = Time resting spent in this place.
 E = Time spent auto-exploring this place.
 F = Levels seen in this place.
 G = Mean time per level.
                   A        B        C        D        E       F      G
               +--------+--------+--------+--------+--------+-----+--------+
         Total |   1298 |   1298 |      0 |    294 |    691 |   2 |  649.0 |
       Dungeon |   1298 |   1298 |      0 |    294 |    691 |   2 |  649.0 |
               +--------+--------+--------+--------+--------+-----+--------+

Top non-repeatable levels by time:
     D:1: 1275 daAuts
     D:2: 23 daAuts
